 Dungeon Crawl Stone Soup version 0.28.0-53-g5a82cb258f (webtiles) character file.

Game seed: 3601339411304613881

248 Sanktem7 the Skirmisher (level 5, -2/48 HPs)
             Began as a Minotaur Fighter on June 2, 2022.
             Shot with an arrow by a centaur (7 damage)
             ... on level 4 of the Dungeon.
             The game lasted 00:07:42 (3379 turns).

Sanktem7 the Skirmisher (Minotaur Fighter)          Turns: 3379, Time: 00:07:43

Health: -2/48      AC: 15    Str: 22    XL:     5   Next: 86%
Magic:  4/4        EV:  6    Int:  5    God:
Gold:   156        SH:  5    Dex: 13    Spells: 4/4 levels left

rFire   . . .      SeeInvis .   a - +0 war axe {axe}
rCold   . . .      Faith    .   c - +0 buckler
rNeg    . . .      Spirit   .   n - +0 plate armour
rPois   .          Reflect  .   g - +2 hat
rElec   .          Harm     .   (no cloak)
rCorr   .          Rampage  .   r - +0 pair of gloves {Dex+3}
Will    .....                   (no boots)
Stlth   ..........              (no amulet)
HPRegen 0.16/turn               (no ring)
MPRegen 0.09/turn               (no ring)

@: no status effects
A: horns 2, retaliatory headbutt
a: no special abilities


You were on level 4 of the Dungeon.
You visited 1 branch of the dungeon, and saw 4 of its levels.

You collected 156 gold pieces.


Innate Abilities, Weirdness & Mutations

You have a pair of horns on your head.
You reflexively headbutt those who attack you in melee.


   Skills:
 * Level 5.5 Fighting
 * Level 4.6 Axes
 + Level 4.6 Armour
 + Level 4.6 Shields


You had 4 spell levels left.
You didn't know any spells.
Your spell library contained the following spells:

 Spells                   Type           Power      Damage    Failure   Level
 Summon Small Mammal      Summ           0%         N/A       100%        1
 Call Canine Familiar     Summ           0%         N/A       100%        3
 Summon Guardian Golem    Hex/Summ       0%         N/A       100%        3

Inventory:

Hand Weapons
 a - a +0 war axe (weapon) {axe}
 m - a +1 whip of electrocution {mace}
   (You took it off a gnoll on level 3 of the Dungeon)
 u - a +2 battleaxe of electrocution {axe}
   (You found it on level 4 of the Dungeon)
Missiles
 b - 104 stones (quivered) {throwing}
 k - 12 poisoned darts {throwing}
 l - 69 arrows
 q - 16 sling bullets
 s - 24 bolts
Armour
 c - a +0 buckler (worn)
 g - a +2 hat (worn)
   (You found it on level 3 of the Dungeon)
 n - a +0 plate armour (worn)
   (You found it on level 3 of the Dungeon)
 r - a +0 pair of gloves of dexterity (worn)
   (You found it on level 3 of the Dungeon)
Jewellery
 i - an amulet of the acrobat
   (You found it on level 4 of the Dungeon)
Scrolls
 h - a scroll of identify {unknown}
 p - a scroll of fog {unknown}
Potions
 d - a potion of might
 e - 3 potions of flight {unknown}
 f - 2 potions of degeneration {unknown}
 j - 2 potions of ambrosia {unknown}
 o - 2 potions of curing {unknown}
 t - a potion of invisibility {unknown}

Dungeon Overview and Level Annotations

Branches:
Dungeon (4/15)             Temple (0/1) D:4

Altars:
Ashenzari

Shops:
D:3

! #.# #.##. #..# ##.## #.##. ...#
###...####.##. ..# #...
#.........#... ... #..#
#.#...##.###.# #.# #..#
#.#...##..#.## #.#.#..#
##...#.......>.
#.#.#..####......##.####.
#.#...O.@...#.#........#.
###.###....##...####..#..#.
#....c.c.#.###.#####..#..#.
#.#.###.#.#####...##.............
.cc..c..#.# #.............#..##
..#..####.# #...########.##....
#. #.# #...... ##.## #.
#......###### #.## .. #######
#...


You could see an ogre and 2 centaurs.


Message History

The endoplasm hits you but does no damage.
You barely miss the endoplasm.
The endoplasm barely misses you. 😎 HP[+1]
Your hp is fully restored (48).
You slash the endoplasm!
You kill the endoplasm!
Done exploring.
Done exploring.
There is an open door here.
You see here a +0 chain mail.
You enter the shallow water.
Moving in this stuff is going to be slow.
You see here a +0 short sword {short}.
You see here a +0 chain mail.
There is a stone staircase leading down here.
Search for what [? for help]?
D You climb downwards.
There is a stone staircase leading up here.
You start removing your armour.
You continue taking off your +0 pair of gloves. x4
You finish taking off your +0 pair of gloves.
You start putting on your armour.
You continue putting on your +0 pair of gloves of dexterity. x5
You finish putting on your +0 pair of gloves of dexterity.
You feel agile.
You drop a +0 pair of gloves.
A kobold comes into view. It is wielding a +0 short sword.
The kobold shouts!
The kobold throws a stone.
The stone hits you but does no damage.
The kobold throws a stone.
The stone barely misses you. You block the kobold's attack.
You closely miss the kobold. The kobold hits you but does no damage.
You barely miss the kobold. The kobold barely misses you.
You closely miss the kobold. Your headbutt misses the kobold.
You block the kobold's attack. The kobold hits you but does no damage.
You closely miss the kobold. The kobold hits you but does no damage.
You barely miss the kobold.
The kobold hits you but does no damage. x2
You barely miss the kobold. The kobold hits you but does no damage.
You hit the kobold.
You headbutt the kobold, but do no damage.
The kobold hits you with a +0 short sword. 😕 HP[-2]
You take 2 damage, and now have 46/48 hp.
You barely miss the kobold. The kobold barely misses you.
You barely miss the kobold. The kobold barely misses you.
You furiously retaliate!
You headbutt the kobold.
You kill the kobold!
b - 104 stones {throwing} (gained 1)
You see here a +0 short sword {short}. 😕 HP[+1]
Found an escape hatch in the floor. 😎 HP[+1]
Your hp is fully restored (48).
You now have 156 gold pieces (gained 17).
A goblin comes into view. It is wielding a +0 dagger.
The goblin shouts!
A goblin is nearby!
A goblin is nearby!
You slash the goblin!
You kill the goblin!
There is an escape hatch in the floor here.
You see here a +0 dagger {short}.
Found a staircase to the Ecumenical Temple.
Found a stone staircase leading down.
There is a stone staircase leading down here.
i - an amulet of the acrobat
u - a +2 battleaxe of electrocution {axe}
l - 69 arrows (gained 6)
A centaur comes into view.
The centaur shouts!
The centaur wields a +0 shortbow.
The centaur shoots an arrow.
The arrow hits you but does no damage.
An ogre comes into view. It is wielding a +0 giant club.
There are monsters nearby!
The centaur shoots an arrow.
The arrow hits you.
A centaur comes into view.
The centaur shoots an arrow.
The arrow hits you.
The centaur moves out of view. 😕 HP[-8]
You take 8 damage, and now have 40/48 hp.
The centaur shouts!
The ogre shouts!
The centaur shoots an arrow.
The arrow hits you. 😮 HP[-5]
You take 5 damage, and now have 35/48 hp. 😮 HP[+1]
The ogre hits you with a +0 giant club!
* * * LOW HITPOINT WARNING * * *
😨 HP[-15]
You take 15 damage, and now have 21/48 hp.
MASSIVE DAMAGE!! (PAUSE)
The centaur shoots an arrow.
The arrow barely misses you. 😨 HP[+1]
You hit the ogre.
The ogre hits you with a +0 giant club!!
* * * LOW HITPOINT WARNING * * *
😱 HP[-18]
You take 18 damage, and now have 4/48 hp.
MASSIVE DAMAGE!! (PAUSE)
The centaur wields a +0 shortbow.
The centaur shoots an arrow.
The arrow hits you!
You die...

Skill      XL: |  1  2  3  4 |
---------------+-------------+-----
Fighting       | 4 5 |  5.5
Axes           | 3 4 |  4.6
Armour         | 4 |  4.6
Shields        | 4 |  4.6

Action                   |  1- 3 |  4- 6 || total
-------------------------+-------+-------++-------
Melee: War axe           |    80 |    84 ||   164
       Headbutt          |     6 |    11 ||    17
Armor: Chain mail        |    29 |     8 ||    37
       Scale mail        |     1 |       ||     1
       Plate armour      |       |    54 ||    54
Dodge: Dodged            |    26 |    32 ||    58
Block: Buckler           |    24 |    17 ||    41

Levels and vault maps discovered:
D:1:      dpeg_arrival_rooms_c, layout_loops_corners
D:2:      layout_rooms, minmay_fountain_box
D:3:      wander_river, layout_basic, grunt_ashenzari_visionary
          [grunt_ashenzari_visionary_shoals, grunt_ashenzari_visionary_spider],
          serial_shops, shop_coins
D:4:      layout_loops_ring, trog_ov_bears_minmay,
          nicolae_sif_muna_little_library, mainiacjoe_overflow_paths,
          minmay_temple_entry_gardened_gates, minmay_manual_mares

Notes
Turn   | Place    | Note
-------+----------+-------------------------------------------
     0 | D:1      | Sanktem7 the Minotaur Fighter began the quest for the Orb.
     0 | D:1      | Reached XP level 1. HP: 19/19 MP: 0/0
     0 | D:1      | magus.rc [v1.9.6]
   467 | D:1      | Reached XP level 2. HP: 27/27 MP: 1/1
   645 | D:1      | Reached skill level 4 in Fighting
   713 | D:1      | Reached skill level 3 in Axes
  1038 | D:2      | Reached XP level 3. HP: 32/33 MP: 2/2
  1068 | D:2      | Reached skill level 4 in Armour
  1074 | D:2      | Reached skill level 4 in Shields
  1538 | D:3      | Found Lumosam's Distillery.
  1591 | D:3      | Reached XP level 4. HP: 41/41 MP: 3/3
  1600 | D:3      | HP: 7/41 [gnoll/+0 spear (4)]
  1622 | D:3      | HP: 1/41 [gnoll/+0 spear (6)]
  2385 | D:3      | Noticed a water moccasin
  2392 | D:3      | Killed a water moccasin
  2393 | D:3      | Reached skill level 5 in Fighting
  2393 | D:3      | Reached skill level 4 in Axes
  2393 | D:3      | Reached XP level 5. HP: 46/48 MP: 4/4
  2494 | D:3      | Found a broken altar of Ashenzari.
  2498 | D:3      | Saw a vision of the Shoals and the Spider Nest.
  2498 | D:3      | Noticed a merfolk
  2498 | D:3      | Noticed a hornet
  2498 | D:3      | Noticed a redback
  2498 | D:3      | Noticed a wolf spider
  2498 | D:3      | Noticed a wind drake
  2498 | D:3      | Noticed a wind drake
  2498 | D:3      | Noticed a wind drake
  2731 | D:3      | You pick up a book of Callings and begin reading...
  2731 | D:3      | You add the spells Summon Small Mammal, Call Canine
                  | Familiar and Summon Guardian Golem to your library.
  3264 | D:4      | Found a staircase to the Ecumenical Temple.
  3364 | D:4      | Noticed a centaur
  3364 | D:4      | Noticed an ogre
  3365 | D:4      | Noticed a centaur
  3374 | D:4      | HP: 4/48 [ogre/+0 giant club (18)]
  3379 | D:4      | Shot with an arrow by a centaur

Vanquished Creatures
  A water moccasin (D:3)
  4 gnolls (D:3)
  3 adders
  4 dart slugs
  An orc (D:3)
  5 ball pythons
  A bat (D:1)
  9 endoplasms
  3 hobgoblins
  3 jackals (D:3)
  8 kobolds
  2 quokkas
  5 frilled lizards
  9 goblins
  8 rats
66 creatures vanquished.

Table legend:
 A = Non-vault XP
 B = Vault XP
 C = Vault XP percentage of total XP
 D = Non-vault monster count
 E = Vault monster count
 F = Vault count percentage of total count
                 A         B        C        D         E       F
            +---------+---------+-------+---------+---------+-------
      Total |     355 |       0 |   0.0 |      66 |       0 |   0.0
            +---------+---------+-------+---------+---------+-------
        D:1 |      34 |       0 |   0.0 |      18 |       0 |   0.0
        D:2 |      51 |       0 |   0.0 |      18 |       0 |   0.0
        D:3 |     266 |       0 |   0.0 |      28 |       0 |   0.0
        D:4 |       4 |       0 |   0.0 |       2 |       0 |   0.0
            +---------+---------+-------+---------+---------+-------

Illustrated notes

Table legend:
 A = Kills in this place as a percentage of kills in entire the game.
 B = Kills by you in this place as a percentage of kills by you in the entire game.
 C = Kills by friends in this place as a percentage of kills by friends in the entire game.
 D = Other kills in this place as a percentage of other kills in the entire game.
 E = Experience gained in this place as a percentage of experience gained in the entire game.
 F = Experience gained in this place divided by the number of levels of this place that you have seen.
                   A       B       C       D       E      F
               +-------+-------+-------+-------+-------+----------------------
         Total | 100.0 | 100.0 |   N/A |   N/A | 100.0 |  88.8
       Dungeon | 100.0 | 100.0 |   N/A |   N/A | 100.0 |  88.8
               +-------+-------+-------+-------+-------+----------------------

Table legend: (Time is in decaauts)
 A = Elapsed time spent in this place.
 B = Non-inter-level travel time spent in this place.
 C = Inter-level travel time spent in this place.
 D = Time resting spent in this place.
 E = Time spent auto-exploring this place.
 F = Levels seen in this place.
 G = Mean time per level.
                   A        B        C        D        E       F      G
               +--------+--------+--------+--------+--------+-----+--------+
         Total |   3455 |   3335 |    120 |    263 |   2450 |   4 |  863.8 |
       Dungeon |   3455 |   3335 |    120 |    263 |   2450 |   4 |  863.8 |
               +--------+--------+--------+--------+--------+-----+--------+

Top non-repeatable levels by time:
     D:3: 1407 daAuts
     D:1: 963 daAuts
     D:2: 869 daAuts
     D:4: 215 daAuts
